 Dungeon Crawl Stone Soup version 0.31-a0-221-gbddc013574 (webtiles) character file.

Game seed: 954582929204038686

86 qw the Shooter (level 4, -1/36 HPs)
             Began as a Minotaur Hexslinger on July 4, 2023.
             Slain by a gnoll
             ... wielding a +0 club
              (2 damage)
             ... on level 3 of the Dungeon.
             The game lasted 00:00:36 (1692 turns).

qw the Shooter (Minotaur Hexslinger)                Turns: 1692, Time: 00:00:37

Health: -1/36      AC:  3    Str: 13    XL:     4   Next: 26%
Magic:  4/4        EV: 12    Int: 10    God:
Gold:   110        SH:  0    Dex: 14    Spells: 4/5 levels left

rFire   . . .        Y - +1 sling
rCold   . . .        (no shield)
rNeg    . . .        e - +0 leather armour
rPois   .            (helmet restricted)
rElec   .            (no cloak)
rCorr   .            (no gloves)
SInv    .            (no boots)
Will    .....        (no amulet)
Stlth   +            (no ring)
HPRegen 0.26/turn    (no ring)
MPRegen 0.09/turn

%: no passive effects
@: no status effects
A: horns 2, retaliatory headbutt
a: no special abilities


You were on level 3 of the Dungeon.
You visited 1 branch of the dungeon, and saw 3 of its levels.

You collected 110 gold pieces.


Innate Abilities, Weirdness & Mutations

You have a pair of horns on your head.
You reflexively headbutt those who attack you in melee.


   Skills:
 - Level 2.0 Fighting
 + Level 4.8 Ranged Weapons
 - Level 2.1 Dodging
 - Level 1.0 Spellcasting
 - Level 2.0 Hexes


You had 4 spell levels left.
You knew the following spells:

 Your Spells              Type           Power      Damage    Failure   Level
a - Slow                  Hex            16%        N/A       19%         1

Your spell library contained the following spells:

 Spells                   Type           Power      Damage    Failure   Level
 Inner Flame              Hex/Fire       2%         N/A       65%         3
 Portal Projectile        Hex/Tloc       4%         N/A       65%         3
 Cause Fear               Hex            2%         N/A       88%         4

Inventory:

Hand Weapons
 Y - a +1 sling (weapon)
Armour
 a - a +0 ring mail
 e - a +0 leather armour (worn)
Potions
 b - a potion of invisibility {unknown}
 c - a potion of resistance {unknown}
 d - a potion of mutation {unknown}
 f - a potion of curing {unknown}
 h - a potion of ambrosia {unknown}
 i - a potion of cancellation {unknown}

Dungeon Overview and Level Annotations

Branches:
Dungeon (3/15)

Altars:


Message History

You kill the bat!
The goblin shouts!
You hear an angry hiss.
An adder comes into view.
A gnoll comes into view. It is wielding a +0 flail.
You shoot a sling bullet. The gnoll shouts!
The sling bullet hits the adder.
The adder is heavily wounded.
You hear a shout!
You shoot a sling bullet.
The sling bullet barely misses the adder.
A gnoll comes into view. It is wielding a +0 club.
The adder bites you.
You shoot a sling bullet. The sling bullet hits the adder.
The adder is almost dead.
The adder bites you. The adder closely misses you.
You shoot a sling bullet. The sling bullet hits the adder.
You kill the adder!
You shoot a sling bullet.
The sling bullet barely misses the goblin.
The goblin hits you with a +0 dagger.
You shoot a sling bullet. The sling bullet hits the goblin.
You kill the goblin!
The gnoll hits you with a +0 flail.
You shoot a sling bullet. The sling bullet hits the gnoll.
The gnoll is lightly wounded.
The gnoll barely misses you.
You shoot a sling bullet. The sling bullet hits the gnoll.
The gnoll is moderately wounded.
The gnoll hits you with a +0 flail! The gnoll hits you with a +0 club.
You shoot a sling bullet. The sling bullet hits the gnoll.
The gnoll is severely wounded.
The gnoll closely misses you. The gnoll hits you with a +0 club!
You shoot a sling bullet. The sling bullet hits the gnoll.
The gnoll is almost dead.
The gnoll hits you with a +0 flail! The gnoll closely misses you.
You shoot a sling bullet. The sling bullet hits the gnoll!
You kill the gnoll!
The gnoll hits you with a +0 club.
You die...

.##.#######..#.........>.'..#.#.#
.............#...........##.#.#.#
............##...........##.#.#.#
.........................##.#.#.#
..#.###########%<........##.#.#.#
..#.# ######.###########.#.#.#
..#.# ................ #.#.#.#
..#.# #...#....####... #.#.#.#
..#.# #. #...@# #.#.#.# ..#.#
#..g)# #.#.#.# ..#.# ##....
#.#.#.. ..# #...#) #.#.#.# ..#
#...#.. #...... ... ##..# ..
#...... .##. #..# ##. #...... ..
.# ##.. .. #.#.#.# .# #......


You could see a gnoll.

Vanquished Creatures
  A gnoll (D:3)
  3 adders
  2 dart slugs (D:2)
  4 orcs
  6 bats
  4 endoplasms
  3 giant cockroaches
  4 hobgoblins (D:1)
  A quokka (D:1)
  5 ball pythons
  4 frilled lizards
  3 goblins
  5 kobolds
  4 rats
49 creatures vanquished.

Notes
Turn   | Place    | Note
-------+----------+-------------------------------------------
     0 | D:1      | qw the Minotaur Hexslinger began the quest for the Orb.
     0 | D:1      | Reached XP level 1. HP: 16/16 MP: 1/1
     0 | D:1      | 0 ||| qw: Version: 0.3-a-41-g9d075ac
     0 | D:1      | 0 ||| qw: Game counter: 743
     0 | D:1      | 0 ||| qw: Melee chars always use a shield: true
     0 | D:1      | 0 ||| qw: God list: Okawaru
     0 | D:1      | 0 ||| qw: Allow faded altars: false
     0 | D:1      | 0 ||| qw: Do Orc after clearing Dungeon:15 true
     0 | D:1      | 0 ||| qw: Do second Lair branch before Depths: true
     0 | D:1      | 0 ||| qw: Lair rune preference: random
     0 | D:1      | 0 ||| qw: Goals: Normal
     0 | D:1      | 0 ||| PLANNING D:1-11
   229 | D:1      | Reached skill level 3 in Ranged Weapons
   235 | D:1      | Reached XP level 2. HP: 23/23 MP: 2/2
   647 | D:1      | Reached XP level 3. HP: 29/29 MP: 3/3
   670 | D:1      | 670 ||| UPGRADING to +0 leather armour.
   680 | D:1      | 680 ||| DROPPING +0 robe.
   681 | D:1      | 681 ||| READING scroll labelled YXZYXK MIMM.
   682 | D:1      | 682 ||| READING scroll labelled PITUNA YMOFI.
   683 | D:1      | 683 ||| READING scroll labelled DILIKKUGHO.
   684 | D:1      | 684 ||| DROPPING scroll of poison.
   818 | D:2      | Reached skill level 4 in Ranged Weapons
  1150 | D:2      | Found a faded altar of an unknown god.
  1232 | D:2      | 1232 ||| READING scroll labelled HUEGAN EXKED.
  1233 | D:2      | 1233 ||| READING scroll labelled KOCLYU NADOTHEPLA.
  1236 | D:2      | 1236 ||| READING scroll labelled HESMOF AMOSE.
  1243 | D:3      | 1243 ||| STAIRDANCE
  1261 | D:3      | 1261 ||| STAIRDANCE
  1270 | D:2      | Reached XP level 4. HP: 15/36 MP: 4/4
  1690 | D:3      | HP: 8/36 [gnoll/+0 club (8)]
  1691 | D:3      | HP: 1/36 [gnoll/+0 flail (8)]
  1692 | D:3      | Slain by a gnoll

Levels and vault maps discovered:
D:1:      dpeg_arrival_refuge, layout_loops_ring, minmay_3d_cube
D:2:      layout_basic, ebering_ecumenical_altar_webs
D:3:      minmay_recursive_quarters, layout_basic, mainiacjoe_overflow_alcove_4,
          uniq_ijyb

Skill      XL: |  1  2  3 |
---------------+----------+-----
Ranged Weapons | 3 4 |  4.8
Fighting       | 2 |  2.0
Dodging        | |  2.1
Spellcasting   | |  1.0
Hexes          | |  2.0

Action                     |  1- 3 |  4- 6 || total
---------------------------+-------+-------++-------
   Fire: Sling             |   111 |    21 ||   132
    Use: Scroll            |     6 |       ||     6
 Armour: Robe              |     3 |       ||     3
         Leather armour    |     3 |       ||     3
  Dodge: Dodged            |    25 |     7 ||    32

Table legend:
 A = Non-vault XP
 B = Vault XP
 C = Vault XP percentage of total XP
 D = Non-vault monster count
 E = Vault monster count
 F = Vault count percentage of total count
                 A         B        C        D         E       F
            +---------+---------+-------+---------+---------+-------
      Total |     116 |      22 |  15.9 |      44 |       5 |  10.2
            +---------+---------+-------+---------+---------+-------
        D:1 |      41 |       2 |   4.7 |      25 |       1 |   3.8
        D:2 |      55 |       0 |   0.0 |      15 |       0 |   0.0
        D:3 |      20 |      20 |  50.0 |       4 |       4 |  50.0
            +---------+---------+-------+---------+---------+-------
